 Dungeon Crawl Stone Soup version 0.30-a0-5-g3a90980b9d (webtiles) character file.

Game seed: 5288720310074059254

63 PentaManta the Changer (level 4, -12/32 HPs)
             Began as a Merfolk Transmuter on Aug 22, 2022.
             Mangled by Jessica
             ... wielding a +1 dagger of distortion
              (20 damage)
             ... on level 2 of the Dungeon.
             The game lasted 00:02:26 (1722 turns).

PentaManta the Changer (Merfolk Transmuter)         Turns: 1722, Time: 00:02:28

Health: -12/32     AC:  2    Str: 10    XL:     4   Next: 10%
Magic:  3/7        EV: 12    Int: 14    God:
Gold:   69         SH:  0    Dex: 14    Spells: 1/7 levels left

rFire   . . .      SeeInvis .      - Unarmed
rCold   . . .      Faith    .    (no shield)
rNeg    . . .      Spirit   .    a - +0 robe
rPois   .          Reflect  .    (helmet currently unavailable)
rElec   .          Harm     .    (no cloak)
rCorr   .          Rampage  .    (no gloves)
Will    .....                    (boots currently unavailable)
Stlth   +.........               (no amulet)
HPRegen 0.10/turn                (no ring)
MPRegen 0.10/turn                (no ring)

@: appendages
A: horns 2, (nimble swimmer 2), mertail
a: End Transformation


You were on level 2 of the Dungeon.
You had temporarily grown beastly horns.
You visited 1 branch of the dungeon, and saw 3 of its levels.

You collected 69 gold pieces.

Inventory:

Armour
 a - a +0 robe (worn)
Scrolls
 d - a scroll of identify {unknown}
 e - 2 scrolls of teleportation {unknown}
 f - a scroll of immolation {unknown}
 g - a scroll of torment {unknown}
Potions
 b - a potion of lignification
 c - a potion of might {unknown}


   Skills:
 - Level 1.1 Fighting
 - Level 2.6 Dodging
 - Level 3.2 Unarmed Combat
 - Level 2.0 Spellcasting
 + Level 5.7 Transmutations


You had one spell level left.
You knew the following spells:

 Your Spells              Type           Power      Damage    Failure   Level
a - Beastly Appendage     Tmut           34%        N/A       2%          1
b - Spider Form           Tmut/Pois      9%         N/A       22%         3
c - Wereblood             Tmut           17%        N/A       3%          2

Your spell library contained the following spells:

 Spells                   Type           Power      Damage    Failure   Level
 Ice Form                 Ice/Tmut       9%         N/A       58%         4


Dungeon Overview and Level Annotations

Branches:
Dungeon (3/15)

Altars:

Annotations:
D:2 Jessica


Innate Abilities, Weirdness & Mutations

You have temporarily grown beastly horns.
((You are very nimble when in or above water. (Stealth+, EV+, Speed+++)))
Your lower body shifts to a powerful aquatic tail in water.


Message History

You have reached level 4!
You hit the rat but do no damage. The rat closely misses you.
You hit the rat.
You feel a bit better.
You kill the rat!
You howl as the wereblood boils in your veins!
You howl as the wereblood boils in your veins!
Your primal bloodlust is almost over.
g - a scroll labelled CYDIOSKURA You howl as the wereblood boils in your veins!
You hear a shout!
You howl as the wereblood boils in your veins!
Jessica the Apprentice Sorceress comes into view.
She is wielding a +1 dagger of distortion.
Casting: Spider Form (quite dangerous; 22% risk of failure)
Confirm with . or Enter, or press ? or * to list all spells.
Okay, then.
You grow a pair of large bovine horns.
You howl as the wereblood boils in your veins!
Your primal bloodlust has ended.
Jessica casts a spell at you. Pain shoots through your body!
You hit Jessica.
Jessica is lightly wounded.
Jessica gestures wildly.
Jessica hits you with a +1 dagger of distortion.
Space warps around you!
You are too injured to fight recklessly!
You are too injured to fight recklessly!
You are too injured to fight recklessly!
You are too injured to fight recklessly!
You are too injured to fight recklessly!
You barely miss Jessica.
Jessica is lightly wounded.
Jessica hits you with a +1 dagger of distortion.
You hit Jessica.
Jessica is moderately wounded.
Jessica hits you with a +1 dagger of distortion.
* * * LOW HITPOINT WARNING * * *
Space warps horribly around you!!
Ouch! That really hurt!
You die...

##### #########
#...###.......#
#....##.......#
####............@#
.............##..@....#
##.........†.......####
........##...........
........##.........###
......>.##...........
....#...###...#######
..........#...+
..............#


You could see Jessica.

Vanquished Creatures
  Natasha (D:2)
  3 bats
  An endoplasm (D:2)
  2 giant cockroaches (D:2)
  6 goblins
  A hobgoblin (D:1)
  4 jackals (D:1)
  7 ball pythons
  5 frilled lizards
  4 kobolds (D:1)
  3 rats
37 creatures vanquished.

Notes
Turn   | Place    | Note
-------+----------+-------------------------------------------
     0 | D:1      | PentaManta the Merfolk Transmuter began the quest for the
                  | Orb.
     0 | D:1      | Reached XP level 1. HP: 15/15 MP: 3/3
    23 | D:1      | Reached skill level 3 in Transmutations
   258 | D:1      | Reached XP level 2. HP: 13/21 MP: 3/5
   408 | D:1      | Found a faded altar of an unknown god.
   528 | D:1      | Reached skill level 4 in Transmutations
   793 | D:1      | You fall into a shaft and drop 1 floor!
   871 | D:1      | Reached XP level 3. HP: 24/26 MP: 4/6
   896 | D:1      | Learned a level 3 spell: Spider Form
   899 | D:1      | Learned a level 2 spell: Wereblood
  1502 | D:2      | Reached skill level 5 in Transmutations
  1647 | D:2      | Noticed Natasha
  1705 | D:2      | Killed Natasha
  1706 | D:2      | Reached XP level 4. HP: 26/32 MP: 2/7
  1716 | D:2      | Noticed Jessica
  1722 | D:2      | Mangled by Jessica

Illustrated notes

Levels and vault maps discovered:
D:1:      amcnicky_arrival_feature_with_door, layout_loops_ring,
          chequers_ecumenical_altar_simple_redux
D:2:      layout_basic, uniq_jessica, uniq_natasha
D:3:      minmay_chambers_of_twos, layout_loops_corners, serial_shops,
          nicolae_shop_competitors_out_of_business, st_stairs_9

Skill      XL: |  1  2  3 |
---------------+----------+-----
Transmutations | 3 4 5 |  5.7
Fighting       | |  1.1
Dodging        | |  2.6
Unarmed Combat | |  3.2
Spellcasting   | |  2.0

Action                   |  1- 3 |  4- 6 || total
-------------------------+-------+-------++-------
Melee: Unarmed           |   115 |     5 ||   120
       Headbutt          |    11 |       ||    11
       Punch             |     1 |       ||     1
 Cast: Beastly Appendage |    26 |     1 ||    27
       Spider Form       |     1 |       ||     1
       Wereblood         |     1 |       ||     1
Armor: Robe              |    22 |       ||    22
Dodge: Dodged            |    78 |     1 ||    79

Table legend: (Time is in decaauts)
 A = Elapsed time spent in this place.
 B = Non-inter-level travel time spent in this place.
 C = Inter-level travel time spent in this place.
 D = Time resting spent in this place.
 E = Time spent auto-exploring this place.
 F = Levels seen in this place.
 G = Mean time per level.
                   A        B        C        D        E       F      G
               +--------+--------+--------+--------+--------+-----+--------+
         Total |   1715 |   1691 |     24 |     29 |   1360 |   3 |  571.7 |
       Dungeon |   1715 |   1691 |     24 |     29 |   1360 |   3 |  571.7 |
               +--------+--------+--------+--------+--------+-----+--------+

Top non-repeatable levels by time:
     D:1: 1245 daAuts
     D:2: 430 daAuts
     D:3: 39 daAuts
